 Dungeon Crawl Stone Soup version 0.23.2-1-ga50397a (webtiles) character file.

Game seed: 1803706629502583572

37483 Heatsaber the Slicer (level 13, 0/68 HPs)
             Began as a Spriggan Enchanter on May 30, 2019.
             Was an Elder of Fedhas.
             Slain by a spriggan rider
             ... wielding a +0 spear
              (16 damage)
             ... on level 2 of the Swamp on June 1, 2019.
             The game lasted 04:10:21 (25083 turns).

Heatsaber the Slicer (Spriggan Enchanter)          Turns: 25083, Time: 04:10:21

Health: 0/68       AC:  7    Str:  5    XL:     13   Next: 58%
Magic:  16/26      EV: 31    Int: 20    God:    Fedhas [****..]
Gold:   1549       SH: 12    Dex: 17    Spells: 11/28 levels left

rFire    . . .     SeeInvis +   r - +4 scimitar (elec)
rCold    . . .     Gourm    .   R - +0 buckler
rNeg     . . .     Faith    .   T - +0 steam dragon scales
rPois    .         Spirit   .   (helmet restricted)
rElec    .         Reflect  +   (no cloak)
rCorr    .         Harm     .   (gloves unavailable)
MR       ++...                  (boots unavailable)
Stlth    ++++......             M - +4 amulet of reflection
HPRegen  0.21/turn              t - +2 ring of protection
MPRegen  0.20/turn              m - +5 ring of evasion

@: very quick
A: very small, unfitting armour, see invisible, herbivore, speed 3, slow
metabolism 2
a: Fungal Bloom, Sunlight, Evolution, Growth, Reproduction, Renounce Religion


You were on level 2 of the Swamp.
You worshipped Fedhas.
Fedhas was greatly pleased with you.
You were not hungry.

You visited 5 branches of the dungeon, and saw 21 of its levels.
You also visited: Gauntlet and Ice Cave.

You collected 1549 gold pieces.

Inventory:

Hand Weapons
 g - a +2 dagger of piercing
 q - a +1 blowgun
 r - a +4 scimitar of electrocution (weapon)
Missiles
 f - 12 curare-tipped needles
 j - 104 poisoned needles
Armour
 R - a +0 buckler (worn)
 T - +0 steam dragon scales (worn)
Magical Staves
 b - an uncursed staff of fire
 v - an uncursed staff of energy
 D - an uncursed staff of conjuration
 J - an uncursed staff of air
 W - an uncursed staff of cold
Jewellery
 m - a +5 ring of evasion (right hand)
 t - a +2 ring of protection (left hand)
 y - an uncursed ring of wizardry {unknown}
 C - an uncursed amulet of magic regeneration
 F - an uncursed ring of flight
 I - an uncursed amulet of regeneration
 M - a +4 amulet of reflection (around neck)
 Q - an uncursed ring of protection from magic
 X - an uncursed ring of magical power
Wands
 s - a wand of flame (22)
 u - a wand of scattershot (4)
 w - a wand of polymorph (15)
 z - a wand of disintegration (8)
 P - a wand of paralysis (7)
 S - a wand of digging (4)
 U - a wand of clouds (4)
Scrolls
 h - a scroll of summoning
 k - 11 scrolls of remove curse
 n - 3 scrolls of teleportation
 G - 2 scrolls of blinking
 K - 3 scrolls of fear
 L - a scroll of fog
 N - 3 scrolls of enchant armour
 V - a scroll of immolation
 Y - 7 scrolls of enchant weapon
 Z - 2 scrolls of magic mapping
Potions
 a - a potion of resistance
 c - 3 potions of mutation
 e - 9 potions of curing
 l - 2 potions of might
 o - 2 potions of haste
 p - 6 potions of berserk rage
 x - 2 potions of cancellation {unknown}
 A - 2 potions of brilliance
 B - a potion of lignification
 O - 3 potions of agility
Miscellaneous
 i - a phantom mirror
 H - a lamp of fire (inert)
Comestibles
 d - 26 rations


   Skills:
 + Level 8.1 Fighting
 - Level 10.4 Short Blades
 - Level 10.0 Dodging
 + Level 8.6 Stealth
 - Level 7.2 Shields
 - Level 8.0 Spellcasting
 - Level 8.1 Hexes
 - Level 10.0 Invocations
 + Level 9.9 Evocations


You had 11 spell levels left.
You knew the following spells:

 Your Spells              Type           Power        Failure   Level  Hunger
b - Ensorcelled Hibernat  Hex/Ice        ###...       2%          2    None
c - Confuse               Hex            #####...     1%          3    None
d - Tukima's Dance        Hex            #####...     1%          3    None
e - Searing Ray           Conj           #.....       13%         2    None
f - Malign Gateway        Summ/Tloc      #.........   100%        7    #######

Your spell library contained the following spells:

 Spells                   Type           Power        Failure   Level  Hunger
 Corona                   Hex            #####..      1%          1    None
 Dazzling Spray           Conj/Hex       ###...       4%          3    None
 Beastly Appendage        Tmut           #.....       9%          1    None
 Magic Dart               Conj           #...         9%          1    None
 Sticks to Snakes         Tmut           #.......     13%         2    None
 Sublimation of Blood     Necr           #.........   13%         2    None
 Fulminant Prism          Conj/Hex       ###.......   16%         4    ###....
 Ignite Poison            Fire/Tmut/Pois #.......     26%         3    None
 Spider Form              Tmut/Pois      #.........   26%         3    None
 Silence                  Hex/Air        ###.......   41%         5    #####..
 Force Lance              Conj/Tloc      #.......     63%         4    ###....
 Ice Form                 Ice/Tmut       #.......     63%         4    ###....
 Iskenderun's Mystic Bla  Conj           #.......     63%         4    ###....
 Petrify                  Tmut/Erth      #.......     63%         4    ###....
 Summon Lightning Spire   Summ/Air       #.......     63%         4    ###....
 Alistair's Intoxication  Tmut/Pois      #.......     93%         5    #####..
 Blade Hands              Tmut           #.........   93%         5    #####..
 Irradiate                Conj/Tmut      #.........   93%         5    #####..
 Conjure Ball Lightning   Conj/Air       #.........   100%        6    ######.
 Deflect Missiles         Chrm/Air       #.........   100%        6    ######.
 Monstrous Menagerie      Summ           #.........   100%        7    #######
 Summon Greater Demon     Summ           #.........   100%        7    #######
 Summon Horrible Things   Summ           #.........   100%        8    #######
 Tornado                  Air            #.........   100%        9    #######


Dungeon Overview and Level Annotations

Branches:
Dungeon (12/15)            Temple (1/1) D:4            Lair (5/6) D:11
  Swamp (2/4) Lair:4        Snake (0/4) Lair:3        Slime (0/5) Lair:5
    Orc (1/2) D:9

Altars:
Ashenzari
Cheibriados
Dithmenos
Elyvilon
Fedhas
Gozag
Hepliaklqana
Kikubaaqudgha
Makhleb
Nemelex Xobeh
Okawaru
Qazlal
Ru
Sif Muna
Trog
Uskayaw
Vehumet
Wu Jian
Xom
Yredelemnul
Zin
The Shining One
Jiyva

Shops:
D:6 *

Annotations:
Lair:1 Gastronok
Lair:3 1 runed translucent door, kalagan's ghost, journeyman DEEE
Orc:1 Josephine


Innate Abilities, Weirdness & Mutations

You are very small and have problems with some larger weapons.
You are too small for most types of armour.
You have supernaturally acute eyesight. (SInv)
You are a herbivore.
You cover ground extremely quickly.
You need to consume almost no food.


Message History

The spriggan rider hits you with a +0 spear.
You block the spriggan rider's attack.
You closely miss the spriggan rider.
The spriggan rider is moderately wounded.
You block the spriggan rider's attack.
You hit the spriggan rider but do no damage.
Lightning courses through the spriggan rider!!
The spriggan rider is severely wounded.
The spriggan rider hits you with a +0 spear!!
The spriggan rider hits you from afar with a +0 spear!
* * * LOW HITPOINT WARNING * * *
You see here a long sword.
Evoke which item? (* to show all) (? for menu, Esc to quit)
Aim the lamp in which direction?
Press: ? - help, Dir - move target cursor The flames dance!
You block the spriggan rider's attack.
The spriggan rider is engulfed in a cloud of scalding steam.
The spriggan rider hits you from afar with a +0 spear!
You die...
Fedhas appreciates your contribution to the ecosystem.

♣§...♣♣ ♣♣≈...≈♣♣♣♣♣♣
♣≈.≈≈.≈....≈♣
..≈.♣♣.≈.♣♣≈≈≈.♣
≈...♣ ♣♣♣♣♣≈♣.≈.♣
.≈≈... ♣≈....≈♣♣
♣♣.≈≈≈≈.♣ ♣.≈≈≈..♣
♣.≈≈≈...♣ ♣§≈i...♣
..≈≈....♣♣♣♣§)§§@.♣♣♣
≈≈≈≈≈≈≈.≈≈≈..§.§.≈≈≈♣
≈≈≈≈≈..§≈≈≈§§§§..≈≈.♣
≈≈≈≈...≈≈§§....≈.§.≈♣
≈≈≈..♣≈.≈.≈≈.(♣♣§.♣♣♣
≈≈≈.......♣♣♣.♣♣....
≈≈...≈≈≈..♣ ♣..!.≈...
≈.≈.≈♣♣♣♣.♣ ♣.≈≈.≈≈..
.≈≈.≈ ♣≈.......≈..≈


You could see a spriggan rider.

Vanquished Creatures
  3 ghost crabs
  5 hydras
  A catoblepas (Lair:3)
  3 alligators
  Urug (D:10)
  Sonja (D:11)
  A wandering mushroom (Swamp:2)
  A swamp dragon (Swamp:1)
  Pikel (D:7)
  2 ugly things (IceCv)
  5 elephants
  2 black mambas
  9 spiny frogs
  4 komodo dragons
  A troll (D:12)
  2 tyrant leeches (Swamp:1)
  4 slime creatures (Swamp:1)
  Grinder (D:4)
  15 blink frogs
  3 hornets
  4 hippogriffs
  A spriggan (Swamp:1)
  Sigmund (D:2)
  A wyvern (D:12)
  10 yaks
  2 basilisks
  A hungry ghost (D:9)
  4 vampire mosquitoes (Swamp:1)
  A steam dragon (D:11)
  6 swamp worms
  3 nagas (Lair:3)
  7 water moccasins
  10 porcupines
  A slave (D:7)
  2 soldier ants (D:9)
  9 ice beasts
  3 sky beasts
  2 swamp drakes (Swamp:1)
  10 orc warriors
  2 black bears
  5 phantoms
  5 ogres
  9 crocodiles
  3 centaurs
  2 big kobolds (D:7)
  10 bullfrogs
  5 scorpions
  7 killer bees
  2 wights (D:8)
  2 electric eels (D:8)
  3 howler monkeys (D:8)
  2 crimson imps
  2 hounds
  4 bullfrog skeletons
  7 orc priests
  6 jellies
  A centaur skeleton (D:8)
  Jessica (D:2)
  2 iguanas
  7 worker ants
  20 orc wizards
  3 hound skeletons
  Robin (D:2)
  A howler monkey skeleton (D:11)
  12 adders
  11 gnolls
  4 white imps (D:12)
  4 oozes
  4 worms
  3 dart slugs
  5 leopard geckos
  63 orcs
  3 ball pythons
  4 giant cockroaches
  23 goblins
  10 hobgoblins
  10 jackals
  2 quokkas
  10 bats
  3 frilled lizards
  12 kobolds
  A leopard gecko skeleton (D:4)
  A quokka skeleton (D:4)
  12 rats
  A ballistomycete (Lair:2)
453 creatures vanquished.

Vanquished Creatures (collateral kills)
  A hydra (Lair:5)
  2 elephants
  A centaur skeleton (D:11)
  A spiny frog (Lair:5)
  A hippogriff (Lair:3)
  A blink frog (Lair:4)
  4 yaks (Lair:5)
  A wyvern (D:12)
  A naga (Lair:3)
  2 water moccasins
  A porcupine (Lair:4)
  5 orc warriors
  A swamp drake (D:9)
  A crocodile (Lair:5)
  A bullfrog (Lair:5)
  5 killer bees
  2 wights (D:8)
  5 orc priests
  A bullfrog skeleton (D:11)
  5 orc wizards
  A gnoll (D:3)
  8 white imps (D:12)
  10 orcs
  2 kobolds (D:7)
  A ballistomycete spore (Lair:2)
  2 hyperactive ballistomycetes
66 creatures vanquished.

Vanquished Creatures (others)
  An oklob plant (Gauntlet)
  8 wandering mushrooms
  A cyclops (D:11)
  4 bog bodies
  9 dancing weapons
  A warg (Orc:1)
  A necrophage (D:6)
  A killer bee zombie (D:4)
  2 orcs (Orc:1)
  6 ballistomycetes
  2 ballistomycete spores
  6 demonic plants (Gauntlet)
  6 fungi
  A hyperactive ballistomycete (Swamp:1)
  4 plants (Lair:3)
  378 toadstools
431 creatures vanquished.

Grand Total: 950 creatures vanquished

Notes
Turn   | Place    | Note
-------+----------+-------------------------------------------
     0 | D:1      | Heatsaber the Spriggan Enchanter began the quest for the
                  | Orb.
     0 | D:1      | Reached XP level 1. HP: 9/9 MP: 5/5
   358 | D:1      | Reached XP level 2. HP: 13/13 MP: 7/7
   388 | D:1      | Learned a level 2 spell: Ensorcelled Hibernation
   878 | D:2      | Noticed Sigmund
  1139 | D:2      | Reached XP level 3. HP: 13/16 MP: 5/8
  1148 | D:2      | Learned a level 3 spell: Confuse
  1425 | D:2      | Killed Sigmund
  1425 | D:2      | Reached skill level 5 in Hexes
  1425 | D:2      | Reached XP level 4. HP: 9/21 MP: 1/11
  1425 | D:2      | Reached XP level 5. HP: 11/24 MP: 1/12
  1543 | D:2      | Noticed Robin
  1836 | D:2      | Killed Robin
  1836 | D:2      | Noticed Jessica
  1952 | D:2      | Killed Jessica
  2030 | D:2      | Learned a level 3 spell: Tukima's Dance
  2719 | D:3      | Reached skill level 5 in Stealth
  2776 | D:3      | Reached XP level 6. HP: 19/28 MP: 1/13
  4345 | D:3      | HP: 1/28 [gnoll (7)]
  4765 | D:3      | Reached XP level 7. HP: 27/32 MP: 10/14
  5131 | D:4      | Noticed Grinder
  5229 | D:4      | Killed Grinder
  5229 | D:4      | Reached skill level 5 in Short Blades
  5498 | D:4      | Reached XP level 8. HP: 34/36 MP: 2/15
  5724 | D:4      | Found a staircase to the Ecumenical Temple.
  5753 | Temple   | Entered the Ecumenical Temple
  5861 | Temple   | Became a worshipper of Fedhas Madash
  6336 | D:4      | Reached * piety under Fedhas
  6637 | D:5      | Entered Level 5 of the Dungeon
  6649 | D:4      | Reached skill level 1 in Invocations
  6792 | D:5      | Found a shadowy altar of Dithmenos.
  7000 | D:5      | Found a deep blue altar of Sif Muna.
  7394 | D:5      | Found a transporter.
  7407 | D:5      | Found a transporter.
  7477 | D:5      | Reached ** piety under Fedhas
  7583 | D:6      | Found Wiptuq's Whimsical Warehouse.
  7598 | D:6      | Reached skill level 5 in Dodging
  7786 | D:6      | Reached XP level 9. HP: 39/39 MP: 5/16
  8004 | D:6      | Found a radiant altar of Vehumet.
  8159 | D:6      | Found a burning altar of Makhleb.
  8412 | D:7      | Noticed Pikel
  8427 | D:7      | Killed Pikel
  8669 | D:7      | Reached *** piety under Fedhas
  8952 | D:8      | Reached skill level 5 in Invocations
  8968 | D:8      | Reached skill level 5 in Spellcasting
 10752 | D:9      | Reached XP level 10. HP: 44/44 MP: 15/19
 11674 | D:9      | Found a staircase to the Orcish Mines.
 11714 | D:9      | Reached **** piety under Fedhas
 11976 | D:10     | Entered Level 10 of the Dungeon
 12114 | D:10     | Reached skill level 10 in Short Blades
 12207 | D:10     | Noticed Urug
 12219 | D:10     | Killed Urug
 12219 | D:10     | Reached skill level 10 in Dodging
 13260 | D:11     | Noticed a cyclops
 13311 | D:11     | Reached skill level 1 in Fighting
 13371 | D:11     | Reached skill level 1 in Shields
 13431 | D:11     | Reached XP level 11. HP: 45/49 MP: 20/23
 13783 | D:11     | Noticed Sonja
 13902 | D:11     | Found a staircase to the Lair.
 13935 | Lair:1   | Entered Level 1 of the Lair of Beasts
 14113 | D:11     | Killed Sonja
 14530 | Lair:1   | Noticed Gastronok
 14594 | Lair:1   | Reached ***** piety under Fedhas
 16146 | Lair:3   | Found a runed translucent door.
 16148 | Lair:3   | Noticed kalagan's ghost (journeyman DEEE)
 16178 | Lair:3   | Found a gate leading to a gauntlet.
 16206 | Lair:3   | Reached XP level 12. HP: 57/59 MP: 1/25
 16301 | Gauntlet | Entered a Gauntlet
 16301 | Gauntlet | Found a transporter.
 16350 | Gauntlet | Noticed a tengu warrior
 16352 | Gauntlet | Found a transporter.
 16367 | Gauntlet | Found a transporter.
 16369 | Gauntlet | Found a large runed translucent door.
 16370 | Gauntlet | Found a large runed translucent door.
 16371 | Gauntlet | Found a large runed translucent door.
 16371 | Gauntlet | Found a large runed translucent door.
 16371 | Gauntlet | Found a runed translucent door.
 16372 | Gauntlet | Found a transporter.
 16373 | Gauntlet | Found a runed translucent door.
 16374 | Gauntlet | Found a large runed translucent door.
 16374 | Gauntlet | Found a large runed translucent door.
 16375 | Gauntlet | Found a large runed translucent door.
 16376 | Gauntlet | Found a large runed translucent door.
 16382 | Gauntlet | Found a large runed translucent door.
 16382 | Gauntlet | Found a large runed translucent door.
 16383 | Gauntlet | Found a large runed translucent door.
 16383 | Gauntlet | Found a large runed translucent door.
 16384 | Gauntlet | Found a large runed translucent door.
 16384 | Gauntlet | Found a large runed translucent door.
 16385 | Gauntlet | Found a runed translucent gate.
 16385 | Gauntlet | Found a runed translucent gate.
 16385 | Gauntlet | Found a runed translucent gate.
 16386 | Gauntlet | Noticed a death scarab
 16387 | Gauntlet | Found a transporter.
 16398 | Gauntlet | Found a large runed translucent door.
 16398 | Gauntlet | Noticed a death scarab
 16399 | Gauntlet | Found a large runed translucent door.
 16407 | Gauntlet | Found a transporter.
 16408 | Gauntlet | Noticed a death ooze
 16422 | Gauntlet | Found a transporter.
 16425 | Gauntlet | Noticed a reaper
 16431 | Gauntlet | Found a transporter.
 16443 | Gauntlet | Found a transporter.
 16455 | Gauntlet | Found a transporter.
 16474 | Gauntlet | Found a transporter.
 16489 | Gauntlet | Found a transporter.
 16491 | Gauntlet | Found a transporter.
 16516 | Gauntlet | Found a transporter.
 16518 | Gauntlet | Found a transporter.
 16538 | Gauntlet | Found a transporter.
 16638 | Gauntlet | Found a transporter.
 16660 | Gauntlet | Found a transporter.
 17222 | Gauntlet | Learned a level 2 spell: Searing Ray
 17459 | Gauntlet | Noticed a minotaur
 17680 | Lair:3   | Learned a level 7 spell: Malign Gateway
 17682 | Lair:3   | Found a staircase to the Snake Pit.
 17684 | Lair:3   | Noticed a catoblepas
 18012 | Lair:4   | Reached skill level 5 in Fighting
 18012 | Lair:4   | Reached skill level 1 in Evocations
 18304 | Lair:4   | Noticed a five-headed hydra
 18339 | Lair:4   | Killed a five-headed hydra
 18406 | Lair:4   | Reached skill level 5 in Shields
 18693 | Lair:4   | You fall through a shaft!
 19022 | Lair:5   | Identified a scroll of acquirement
 19082 | Lair:5   | Found a radiant altar of Vehumet.
 19103 | Lair:5   | Reached skill level 10 in Invocations
 19118 | Lair:5   | Noticed a four-headed hydra
 19122 | Lair:5   | Found a runed translucent door.
 19123 | Lair:5   | Found a viscous altar of Jiyva.
 19175 | Lair:5   | Killed a four-headed hydra
 19312 | Lair:5   | Found a staircase to the Slime Pits.
 19399 | Lair:5   | Reached skill level 5 in Evocations
 20226 | Lair:4   | Found a staircase to the Swamp.
 20470 | Lair:3   | Killed a catoblepas
 20532 | Lair:3   | Identified the +2 trident of the Wheel {holy, *Corrode
                  | rPois rN+ Str+7}
 20908 | Orc:1    | Entered Level 1 of the Orcish Mines
 20908 | Orc:1    | Noticed Josephine
 21300 | D:12     | Noticed a five-headed hydra
 21331 | D:12     | Killed a five-headed hydra
 21576 | D:12     | Found a frozen archway.
 21682 | IceCv    | Entered an ice cave
 21683 | IceCv    | Found a transporter.
 21716 | IceCv    | Reached XP level 13. HP: 32/66 MP: 3/26
 21869 | IceCv    | Found a transporter.
 22495 | Swamp:1  | Entered Level 1 of the Swamp
 25083 | Swamp:2  | Slain by a spriggan rider

Skill      XL: |  1  2  3  4  5  6  7  8  9 10 11 12 13 |
---------------+----------------------------------------+-----
Spellcasting   | 3 4 5 7 8 |  8.0
Hexes          | 4 5 6 7 8 |  8.1
Short Blades   | 2 3 4 6 7 9 10 | 10.4
Stealth        | 5 6 7 8 |  8.6
Invocations    | 3 5 7 9 10 | 10.0
Dodging        | 5 8 10 | 10.0
Fighting       | 1 4 6 8 |  8.1
Shields        | 1 4 6 7 |  7.2
Evocations     | 7 9 |  9.9

Action                   |  1- 3 |  4- 6 |  7- 9 | 10-12 | 13-15 || total
-------------------------+-------+-------+-------+-------+-------++-------
Melee: Dagger            |   110 |   228 |   425 |   714 |   186 ||  1663
       Scimitar          |       |       |       |    11 |    15 ||    26
       Staff             |       |       |       |     3 |       ||     3
Throw: Stone             |       |       |     1 |       |       ||     1
       Throwing net      |       |       |       |     1 |       ||     1
 Cast: Corona            |     9 |     1 |     1 |     3 |     1 ||    15
       Ensorcelled Hiber |    16 |    60 |    98 |   165 |    28 ||   367
       Confuse           |     3 |    14 |    29 |    45 |    44 ||   135
       Tukima's Dance    |       |    12 |    14 |    17 |     1 ||    44
       Searing Ray       |       |       |       |     6 |       ||     6
Invok: Fungal Bloom      |       |       |    48 |    89 |    18 ||   155
       Evolution         |       |       |     2 |    14 |     4 ||    20
       Reproduction      |       |       |       |     2 |     1 ||     3
       Growth            |       |       |       |     1 |       ||     1
       Rain              |       |       |       |     2 |       ||     2
       Sunlight          |       |       |       |       |    10 ||    10
 Abil: Evoke Flight      |       |       |     1 |       |       ||     1
Evoke: Wand              |       |       |     4 |     1 |     1 ||     6
       Staff of energy   |       |       |       |     3 |       ||     3
       Lamp of fire      |       |       |       |     1 |     1 ||     2
  Use: Scroll            |       |     3 |     4 |    22 |     3 ||    32
       Potion            |       |     1 |     2 |     4 |       ||     7
 Stab: Sleeping          |    15 |    45 |    64 |    81 |     9 ||   214
       Confused          |     1 |     4 |    14 |    39 |    38 ||    96
       Distracted        |       |       |     1 |     5 |       ||     6
       Held in net/web   |       |       |       |     1 |       ||     1
  Eat: Ration            |       |     3 |     5 |     6 |     2 ||    16
Armor: Robe              |    11 |    12 |    12 |     7 |       ||    42
       Steam dragon scal |       |       |       |    29 |     3 ||    32
Dodge: Dodged            |    88 |   154 |   265 |   558 |   106 ||  1171
Block: Buckler           |       |       |       |   207 |    68 ||   275
       Other             |       |       |       |    15 |       ||    15
       Reflection        |       |       |       |     6 |     2 ||     8
       Rpst.: Scimitar   |       |       |       |     2 |     3 ||     5
